 Dungeon Crawl Stone Soup version 0.28.0 (console) character file.

Game seed: 17092444759856624398

6288 jejorda2 the Slicer (level 10, -1/53 HPs)
             Began as a Vine Stalker Berserker on Feb 9, 2022.
             Was a Priest of Trog.
             Slain by a slime creature (8 damage)
             ... on level 9 of the Dungeon.
             The game lasted 00:19:05 (7343 turns).

jejorda2 the Slicer (Vine Stalker Berserker)        Turns: 7343, Time: 00:19:06

Health: -1/53      AC: 12    Str: 23    XL:     10   Next: 94%
Magic:  0/11       EV:  9    Int:  7    God:    Trog [***...]
Gold:   363        SH:  0    Dex: 21    Spells: 9/9 levels left

rFire   . . .      SeeInvis .   a - +4 dagger
rCold   . . .      Faith    +   (no shield)
rNeg    + . .      Spirit   +   A - +0 chain mail
rPois   .          Reflect  .   u - +0 helmet
rElec   .          Harm     .   (no cloak)
rCorr   .          Rampage  .   (no gloves)
Will    +....                   C - +0 pair of boots
Stlth   ..........              w - amulet of faith
HPRegen 0.97/turn               q - +6 ring of dexterity
MPRegen 0.12/turn               v - ring of positive energy

@: on berserk cooldown, slowed, very slow
A: fangs 3, regeneration 1, magic shield, antimagic bite, no potion heal 2
a: Renounce Religion, Berserk, Trog's Hand


You were on level 9 of the Dungeon.
You worshipped Trog.
Trog was most pleased with you.
You visited 1 branch of the dungeon, and saw 9 of its levels.

You collected 363 gold pieces.

Inventory:

Hand Weapons
 a - a +4 dagger (weapon)
Missiles
 c - 176 stones
 d - 14 poisoned darts (quivered)
 h - a boomerang
 i - 6 boomerangs of dispersal
 n - 3 datura-tipped darts
 p - 2 curare-tipped darts
Armour
 u - a +0 helmet (worn)
 y - a +0 kite shield
 A - a +0 chain mail (worn)
 C - a +0 pair of boots (worn)
Jewellery
 q - a +6 ring of dexterity (left hand)
 v - a ring of positive energy (right hand)
 w - an amulet of faith (around neck)
Wands
 f - a wand of flame (31)
 r - a wand of iceblast (13)
 x - a wand of polymorph (6)
 z - a wand of charming (6)
Scrolls
 g - 3 scrolls of teleportation
 s - 3 scrolls of fear
Potions
 b - 3 potions of curing
 e - a potion of attraction
 k - a potion of haste {unknown}
 l - 2 potions of magic
 m - a potion of mutation {unknown}
 o - 2 potions of cancellation
 t - 2 potions of might {unknown}
 B - a potion of resistance


   Skills:
 - Level 6.0 Fighting
 - Level 10.0 Short Blades
 - Level 6.0 Armour
 - Level 1.5 Dodging
 + Level 5.4 Shields
 + Level 5.4 Evocations


You had 9 spell levels left.
You didn't know any spells.
Your spell library was empty.

Dungeon Overview and Level Annotations

Branches:
Dungeon (9/15)             Temple (0/1) D:6
   Lair: D:8-11         Orc: D:9-12

Altars:
Cheibriados
Dithmenos
Fedhas
Gozag
Kikubaaqudgha
Makhleb
Nemelex Xobeh
Qazlal
Trog
Zin

Shops:
D:6 *   D:8 :


Innate Abilities, Weirdness & Mutations

You have razor-sharp teeth.
Your natural rate of healing is unusually fast.
When hurt, damage is shared between your health and your magic reserves.
Your bite disrupts and absorbs the magic of your enemies.
Potions cannot restore your health.


Message History

You bite the large slime creature! You drain its power.
The large slime creature is almost dead.
The large slime creature hits you!!
* * * LOW HITPOINT WARNING * * *
You hit the large slime creature.
You kill the large slime creature!
Trog accepts your kill.
d - 14 poisoned darts (gained 1)
You see here a yak corpse.
You start resting.
You feel a strong urge to attack something.
You are no longer berserk.
You are exhausted.
You feel yourself slow down.
You start resting.
A slime creature comes into view.
You see here a poisoned dart.
You see here a poisoned dart.
You see here a yak corpse.
You barely miss the slime creature. You bite the slime creature.
You drain its power.
You feel invigorated.
The slime creature is lightly wounded.
The slime creature hits you.
* * * LOW HITPOINT WARNING * * *
You hit the slime creature. You bite the slime creature! You drain its power.
You feel invigorated.
The slime creature is moderately wounded.
The slime creature hits you but does no damage.
You hit the slime creature but do no damage.
You bite the slime creature! You drain its power.
You feel invigorated.
The slime creature is heavily wounded.
You puncture the slime creature! You bite the slime creature!
You drain its power.
The slime creature is severely wounded.
The slime creature hits you!
* * * LOW HITPOINT WARNING * * *
You hit the slime creature.
The slime creature is almost dead.
The slime creature hits you!
You die...

$../........# #
............#######
................... ...
................... ....
#..........######. .....
#..........# #. .....
#........<.# #.
.....#####..........# #.
.........J@.........######.
........(..................
#####.(...................
#†###########..######. #†#
#..# #. #.# #..# #. ..#
######..######. (...
............... ..###
...............


You could see a slime creature.

Vanquished Creatures
  A centaur warrior (D:8)
  2 two-headed ogres
  4 slime creatures (D:9)
  Grinder (D:3)
  4 yaks (D:9)
  Sigmund (D:2)
  2 water moccasins (D:7)
  2 orc warriors (D:8)
  A sky beast (D:7)
  A black bear (D:8)
  An ogre (D:4)
  A phantom (D:3)
  2 kobold brigands
  2 bullfrogs
  A scorpion (D:5)
  2 wyvern zombies
  2 gnoll sergeants
  3 killer bees (D:7)
  A water moccasin skeleton (D:4)
  4 wights (D:7)
  A howler monkey (D:5)
  A crimson imp (D:5)
  A centaur zombie (D:6)
  A jelly (D:5)
  2 bullfrog zombies
  5 hounds
  A centaur skeleton (D:4)
  3 orc priests
  A gnoll shaman (D:7)
  2 iguanas (D:5)
  Natasha (twice) (D:3)
  5 orc wizards
  2 howler monkey zombies
  19 gnolls
  3 adders
  2 white imps
  An adder skeleton (D:5)
  2 dart slugs
  14 orcs
  A ball python (D:1)
  5 bats
  7 endoplasms
  3 giant cockroaches
  5 goblins
  2 hobgoblins (D:1)
  6 jackals
  11 kobolds
  4 quokkas
  A frilled lizard (D:2)
  6 rats
157 creatures vanquished.

Notes
Turn   | Place    | Note
-------+----------+-------------------------------------------
     0 | D:1      | jejorda2 the Vine Stalker Berserker began the quest for the
                  | Orb.
     0 | D:1      | Reached XP level 1. HP: 11/11 MP: 2/2
   189 | D:1      | Reached XP level 2. HP: 14/16 MP: 3/3
   191 | D:1      | Reached skill level 3 in Short Blades
   702 | D:1      | Reached XP level 3. HP: 9/20 MP: 2/4
  1145 | D:1      | Found a faded altar of an unknown god.
  1488 | D:2      | Gained mutation: Your natural rate of healing is unusually
                  | fast. [Vine Stalker growth]
  1488 | D:2      | Reached XP level 4. HP: 22/24 MP: 3/5
  1622 | D:2      | Reached ** piety under Trog
  1981 | D:2      | Noticed Sigmund
  1995 | D:2      | Killed Sigmund
  1996 | D:2      | Reached skill level 4 in Short Blades
  1996 | D:2      | Reached XP level 5. HP: 29/29 MP: 4/6
  1996 | D:2      | Reached XP level 6. HP: 33/33 MP: 4/7
  2370 | D:3      | Noticed Grinder
  2384 | D:3      | Killed Grinder
  2385 | D:3      | Reached skill level 5 in Short Blades
  2462 | D:3      | Reached XP level 7. HP: 30/37 MP: 6/8
  2714 | D:3      | Noticed Natasha
  2719 | D:3      | Killed Natasha
  2767 | D:3      | Found an ancient bone altar of Kikubaaqudgha.
  2811 | D:3      | Noticed Natasha
  2855 | D:3      | Killed Natasha
  3078 | D:4      | Reached skill level 6 in Short Blades
  3648 | D:4      | Gained mutation: You have razor-sharp teeth. [Vine Stalker
                  | growth]
  3648 | D:4      | Reached XP level 8. HP: 38/42 MP: 9/9
  3767 | D:4      | Found a snail-covered altar of Cheibriados.
  3871 | D:5      | Entered Level 5 of the Dungeon
  3993 | D:5      | Reached skill level 5 in Fighting
  4106 | D:5      | Found a blossoming altar of Fedhas.
  4128 | D:5      | Reached skill level 7 in Short Blades
  4239 | D:5      | Reached *** piety under Trog
  4468 | D:5      | Found a burning altar of Makhleb.
  4733 | D:6      | Found a staircase to the Ecumenical Temple.
  4745 | D:6      | Found an opulent altar of Gozag.
  4749 | D:6      | Found Gozag's Platinum Reserve.
  4892 | D:6      | Found a bloodstained altar of Trog.
  4978 | D:6      | Reached XP level 9. HP: 48/48 MP: 10/10
  5017 | D:6      | Found a shadowy altar of Dithmenos.
  5099 | D:6      | Found a stormy altar of Qazlal.
  5240 | D:7      | Reached skill level 8 in Short Blades
  5240 | D:7      | Reached skill level 5 in Armour
  5332 | D:7      | Found a sparkling altar of Nemelex Xobeh.
  5713 | D:7      | Found a glowing silver altar of Zin.
  5860 | D:7      | Reached skill level 1 in Evocations
  6259 | D:8      | Reached skill level 1 in Shields
  6437 | D:8      | Reached skill level 9 in Short Blades
  6555 | D:8      | Found Niolom's Book Shoppe.
  6677 | D:8      | Noticed a two-headed ogre
  6691 | D:8      | Killed a two-headed ogre
  6692 | D:8      | Reached XP level 10. HP: 53/53 MP: 9/11
  6696 | D:8      | Noticed a centaur warrior
  6730 | D:8      | Killed a centaur warrior
  7082 | D:9      | Noticed a two-headed ogre
  7099 | D:9      | Killed a two-headed ogre
  7100 | D:9      | Reached skill level 10 in Short Blades
  7321 | D:9      | Reached skill level 5 in Shields
  7321 | D:9      | Reached skill level 5 in Evocations
  7343 | D:9      | Slain by a slime creature

Illustrated notes

Levels and vault maps discovered:
D:1:      onia_arrival_mini_maze, layout_loops_ring,
          dilly_ecumenical_altar_fadedgnrine, minmay_misc_feat_roman
D:2:      layout_basic, uniq_sigmund
D:3:      layout_rooms, kiku_gazebo_garden_becter, uniq_grinder, uniq_natasha
D:4:      layout_basic, mainiacjoe_overflow_tiny_flanked
D:5:      layout_loops_cross, mainiacjoe_overflow_cross_hatched,
          makhleb_grotto_becter, hangedman_decor_lopped
D:6:      layout_rooms, mainiacjoe_overflow_catwalk, lemuel_round_altar,
          nicolae_gozag_zags_fifth_avenue, overflow_temple_1_default,
          minmay_temple_entry_purple_smoke, hangedman_abyss_or_decor_slice
D:7:      layout_basic, mainiacjoe_overflow_boulevard, lemuel_tele_altar
D:8:      layout_rooms, serial_shops, nicolae_stop_n_shop_2,
          kennysheep_just_a_vault
D:9:      layout_long_grid, mainiacjoe_overflow_brackets,
          minmay_misc_feat_alley, hellmonk_bongcloud_opening

Skill      XL: |  1  2  3  4  5  6  7  8  9 10 |
---------------+-------------------------------+-----
Short Blades   | 3 4 5 6 7 9 10 | 10.0
Fighting       | 3 4 5 6 |  6.0
Armour         | 2 3 4 5 6 |  6.0
Evocations     | 3 5 |  5.4
Shields        | 2 5 |  5.4
Dodging        | |  1.5

Action                   |  1- 3 |  4- 6 |  7- 9 | 10-12 || total
-------------------------+-------+-------+-------+-------++-------
Melee: Short sword       |    16 |       |       |       ||    16
       Bite              |    19 |    19 |   159 |    46 ||   243
       Dagger            |    68 |    95 |   496 |    91 ||   750
       Punch             |       |     3 |    13 |     3 ||    19
Throw: Stone             |    32 |     6 |     6 |       ||    44
       Dart              |       |       |     5 |     8 ||    13
Invok: Berserk           |     1 |     2 |    12 |     2 ||    17
       Trog's Hand       |       |     2 |       |     1 ||     3
Evoke: Wand              |       |       |       |     1 ||     1
  Use: Scroll            |       |       |    12 |     1 ||    13
       Potion            |       |       |       |     3 ||     3
 Stab: Sleeping          |     1 |       |       |       ||     1
Armor: Animal skin       |    11 |       |       |       ||    11
       Ring mail         |       |    16 |     1 |       ||    17
       Scale mail        |       |       |    81 |       ||    81
       Chain mail        |       |       |    16 |    32 ||    48
Dodge: Dodged            |    57 |    42 |   161 |    31 ||   291
